Map: Mech Depot LE

Players

Juxtapose

  • Race: Zerg Zerg
  • League: Gold
  • Spawn Location: 7:00

Nova - Winner!

  • Race: Terran Terran
  • League: Platinum
  • Spawn Location: 1:00

VOD

https://youtu.be/FuUauBFAPrU

Description

It's rare that I face another Random opponent, and he completely surprised me with early Battlecruisers!

With Zerg's limited Tier 1 anti-air, I was not prepared for this at all.

In hindsight, once he retreated his first Battlecruiser I should have created a few Spore Crawlers, and then Transfused them as needed. I should also have focused more on Ravagers as opposed to teching to Hydralisks.

At the end of the day though, I was out-played.

Time

  • Played on: Oct. 22, 2017, 2:36 p.m.
  • Length: 11:18
Show
View Real Time Build Order
Export as new Build Order

Juxtapose Zerg 

Build Orders: Pool First 

Get SALT Encoding   

  12  0:01  Drone  
  13  0:11  Drone  
  14  0:17  Overlord  
  14  0:36  Spawning Pool  
  14  0:38  Drone  
  14  0:42  Drone  
  15  0:47  Drone  
  16  0:54  Overlord  
  16  1:00  Extractor  
  16  1:01  Drone  
  16  1:11  Drone  
  17  1:27  Queen  
  17  1:29  Drone  
  20  1:36  Drone  
  21  1:52  Hatchery  
  20  1:57  Zergling x4  
  22  2:04  Metabolic Boost  
  22  2:12  Drone  
  23  2:16  Drone  
  24  2:28  Drone  
  25  2:35  Queen, Roach Warren  
  26  2:40  Drone  
  26  2:43  Zergling x2  
  28  3:04  Extractor  
  26  3:10  Drone  
  27  3:25  Drone x3  
  27  3:26  Drone x4  
  34  3:38  Queen  
  34  3:39  Overlord  
  36  3:45  Spine Crawler  
  35  3:55  Drone  
  35  3:59  Drone  
  35  4:00  Drone x2, Overlord  
  39  4:15  Overlord  
  39  4:28  Lair  
  39  4:34  Roach x2, Drone x3  
  39  4:35  Roach x2  
  39  4:36  Roach  
  52  4:41  Overlord  
  52  4:58  Queen  
  54  5:03  Drone x3  
  54  5:04  Roach  
  54  5:05  Overlord x2  
  59  5:12  Evolution Chamber  
  58  5:19  Spore Crawler  
  57  5:36  Extractor  
  57  5:39  Extractor  
  55  5:43  Drone x6  
  55  5:45  Roach x5  
  55  5:48  Zerg Missile Weapons Level 1  
  71  5:55  Hydralisk Den  
  67  6:07  Queen  
  65  6:25  Queen  
  63  6:26  Hydralisk x5  
  72  6:41  Drone x4  
  72  6:44  Queen  
  73  6:58  Hydralisk x2, Spire  
  74  7:13  Queen  
  74  7:14  Overlord  
  76  7:27  Overlord x2  
  76  7:32  Queen  
  76  7:41  Ravager  
  76  7:42  Ravager x3  
  78  7:45  Hydralisk x3  
  69  8:13  Hydralisk  
  69  8:14  Hydralisk x4  
  64  8:31  Hydralisk  
  64  8:32  Hydralisk x2  
  64  8:34  Queen  
  59  8:36  Queen  
  56  8:48  Hydralisk x2  
  48  8:54  Hydralisk  
  48  9:09  Queen  
  46  9:10  Corruptor  
  46  9:12  Hydralisk  
  36  9:35  Hydralisk x4  
  29  9:54  Hydralisk  
  29  9:55  Hydralisk  
  30  10:10  Hydralisk  
  30  10:14  Queen  
  28  10:21  Corruptor  
  26  10:47  Hydralisk x2  
Show
View Real Time Build Order
Export as new Build Order

Nova Terran - Winner!

Build Orders: 1/1/1 

Get SALT Encoding   

  12  0:00  SCV  
  13  0:13  SCV  
  14  0:17  Supply Depot  
  14  0:25  SCV  
  14  0:27  Refinery  
  15  0:39  SCV  
  16  0:45  Barracks  
  16  0:51  SCV  
  16  0:56  Refinery  
  17  1:03  SCV  
  18  1:15  SCV  
  19  1:33  Orbital Command  
  19  1:34  Reaper  
  20  1:41  Factory  
  20  1:55  Supply Depot  
  20  1:59  SCV  
  21  2:07  Barracks Reactor  
  21  2:16  SCV  
  22  2:25  Starport  
  22  2:28  SCV  
  23  2:40  SCV, Supply Depot  
  24  2:50  Hellion x2  
  28  2:52  SCV  
  28  2:53  Barracks Tech Lab  
  29  3:04  SCV  
  29  3:05  Starport Tech Lab  
  30  3:18  SCV, Fusion Core  
  31  3:20  Viking  
  31  3:22  Supply Depot  
  33  3:30  SCV, Barracks Tech Lab  
  34  3:42  SCV  
  34  3:45  Supply Depot  
  35  3:54  SCV  
  36  4:06  SCV  
  36  4:07  Battlecruiser  
  43  4:18  SCV, Weapon Refit  
  43  4:21  Supply Depot  
  44  4:31  SCV  
  45  4:43  SCV, Command Center  
  46  4:53  Armory  
  46  4:55  SCV  
  47  5:06  Factory  
  47  5:07  SCV  
  47  5:13  Refinery  
  48  5:14  Refinery  
  48  5:19  SCV  
  49  5:26  Siege Tank  
  52  5:30  Marine  
  52  5:31  SCV  
  54  5:43  SCV  
  54  5:47  Terran Ship Weapons Level 1  
  55  5:51  Hellion x2  
  55  5:55  SCV, Orbital Command  
  60  6:07  SCV  
  61  6:14  Battlecruiser  
  67  6:19  SCV  
  67  6:23  SCV  
  67  6:24  Supply Depot  
  69  6:32  SCV  
  70  6:35  SCV  
  71  6:44  SCV  
  72  6:47  SCV  
  72  6:48  Command Center, Supply Depot  
  73  6:56  SCV  
  73  6:59  SCV  
  75  7:06  Armory  
  75  7:08  SCV  
  76  7:11  SCV, Supply Depot  
  76  7:13  Supply Depot  
  77  7:17  Siege Tank  
  77  7:20  SCV  
  80  7:25  SCV  
  81  7:31  Battlecruiser  
  81  7:32  SCV  
  88  7:40  SCV  
  88  7:41  Terran Vehicle And Ship Armor Level 1  
  89  7:44  SCV  
  89  7:45  Engineering Bay  
  89  7:49  Hellion x2  
  94  7:52  SCV  
  94  7:54  Terran Ship Weapons Level 2  
  94  7:56  SCV  
  87  8:17  Supply Depot x2  
  83  8:30  SCV x3  
  83  8:32  Hellion  
  80  8:35  Battlecruiser  
  86  8:42  SCV  
  86  8:47  Barracks  
  86  8:48  Supply Depot x2  
  87  8:51  Supply Depot  
  87  9:01  Starport  
  87  9:12  SCV  
  87  9:13  SCV  
  89  9:23  Command Center  
  89  9:27  SCV  
  89  9:28  SCV  
  91  9:39  Battlecruiser  
  91  9:40  SCV  
  91  9:43  SCV  
  91  9:44  Orbital Command  
  99  10:01  Hellion x2, Siege Tank  
  99  10:03  Starport Tech Lab  
  99  10:06  Command Center  
  106  10:57  SCV x2  
Tags
 
Add a new tag
Caveats
  • Supply blocks, unpowered buildings, or Contaminate may cause inaccurate times.
  • Supply counts are checked every 10 seconds.